 Dungeon Crawl Stone Soup version 0.23-a0-644-gb60d84b635 (webtiles) character file.

227 HereIgoKillingAgain the Changer (level 5, -3/40 HPs)
             Began as a Draconian Transmuter on Jan 1, 2019.
             Slain by an iguana (6 damage)
             ... on level 3 of the Dungeon.
             The game lasted 00:02:19 (2718 turns).

HereIgoKillingAgain the Changer (DrTm)              Turns: 2718, Time: 00:02:20

Health: -3/40      AC:  5    Str: 12    XL:     5   Next: 70%
Magic:  8/8        EV: 12    Int: 14    God:
Gold:   104        SH:  0    Dex: 12    Spells: 2/8 levels left

rFire    . . .     SeeInvis .   k - +2 dagger (venom)
rCold    . . .     Gourm    .   (no shield)
rNeg     . . .     Faith    .   (armour unavailable)
rPois    .         Spirit   .   (helmet restricted)
rElec    .         Reflect  .   (no cloak)
rCorr    .         Harm     .   (no gloves)
MR       .....                  (no boots)
Stlth    +.........             (no amulet)
HPRegen  0.13/turn              (no ring)
MPRegen  0.11/turn              (no ring)

@: no status effects
A: unfitting armour, cold-blooded, AC +5
a: no special abilities


You were on level 3 of the Dungeon.
You were near starving.

You visited 1 branch of the dungeon, and saw 4 of its levels.

You collected 104 gold pieces.

Inventory:

Hand Weapons
 k - a +2 dagger of venom (weapon)
Missiles
 a - 38 arrows
Jewellery
 q - an uncursed ring of resist corrosion {unknown}
Scrolls
 d - 2 scrolls of teleportation {unknown}
 f - 4 scrolls of identify {unknown}
 g - a scroll of random uselessness {unknown}
 h - a scroll of remove curse {unknown}
 p - a scroll of enchant weapon {unknown}
Potions
 b - 2 potions of berserk rage
 e - a potion of invisibility {unknown}
 i - 3 potions of degeneration {unknown}
 j - 2 potions of curing {unknown}
 l - a potion of magic {unknown}
 m - 2 potions of brilliance {unknown}
 n - a potion of mutation {unknown}
 o - a potion of flight {unknown}
Comestibles
 c - 5 rations


   Skills:
 - Level 1.1 Fighting
 - Level 1.7 Dodging
 - Level 3.5 Unarmed Combat
 - Level 2.0 Spellcasting
 * Level 5.1 Transmutations
 + Level 2.2 Poison Magic


You had 2 spell levels left.
You knew the following spells:

 Your Spells              Type           Power        Failure   Level  Hunger
a - Beastly Appendage     Tmut           ###...       3%          1    ##.....
b - Sticks to Snakes      Tmut           ###.....     4%          2    ###....
c - Spider Form           Tmut/Pois      ##........   16%         3    ####...

Your spell library contained the following spells:

 Spells                   Type           Power        Failure   Level  Hunger
 Ice Form                 Ice/Tmut       #.......     63%         4    #####..
 Blade Hands              Tmut           ###.......   63%         5    ######.


Dungeon Overview and Level Annotations

Branches:
Dungeon (4/15)
 Temple: D:4-7

Altars:


Innate Abilities, Weirdness & Mutations

Your plain brown scales are hard. (AC +5)
You cannot fit into any form of body armour.
You are cold-blooded and may be slowed by cold attacks.


Message History

An iguana comes into view.
The iguana barely misses you.
There is an escape hatch in the ceiling here.
The iguana bites you but does no damage.
The gnoll barely misses you. A mysterious force pulls you upwards.
The hatch slams shut behind you.
Unknown command.
You kill the gnoll!
You barely miss the iguana. The iguana bites you!
You barely miss the iguana. The iguana closely misses you.
You barely miss the iguana. The iguana closely misses you.
You hit the iguana.
The iguana is poisoned.
The iguana is lightly wounded.
The iguana bites you but does no damage.
You closely miss the iguana. The iguana barely misses you.
You hit the iguana but do no damage.
The iguana looks as sick as possible!
The iguana bites you!
* * * LOW HITPOINT WARNING * * *
The iguana bites you.
You die...

#...# #..........#.
#...# #..........##
#...# #............
#...# #............
#...# ##.......(###
#...# #..........#
##.#####...)......##
##..l..#.....>......#
##...@...............#
#.............รท)......
#..................###
#<................## #
#......>.........### #
#..................###
##.............#......
##.....#.....##.##..#
###.##########.###..


You could see an iguana.

Vanquished Creatures
  A gnoll shaman (D:4)
  Terence (D:2)
  A hound skeleton (D:4)
  4 adders
  2 gnolls
  An ooze (D:2)
  An adder skeleton (D:4)
  3 dart slugs
  2 leopard geckos
  7 orcs
  4 bats
  6 giant cockroaches
  9 goblins
  9 hobgoblins
  7 jackals
  A quokka (D:4)
  3 frilled lizards
  13 kobolds
  A leopard gecko skeleton (D:4)
  5 rats
81 creatures vanquished.

Notes
Turn   | Place    | Note
-------+----------+-------------------------------------------
     0 | D:1      | HereIgoKillingAgain the Draconian Transmuter began the
                  | quest for the Orb.
     0 | D:1      | Reached XP level 1. HP: 16/16 MP: 3/3
    62 | D:1      | Reached XP level 2. HP: 17/23 MP: 5/5
   187 | D:1      | Reached skill level 3 in Transmutations
   380 | D:1      | Reached XP level 3. HP: 28/28 MP: 6/6
   777 | D:2      | Learned a level 2 spell: Sticks to Snakes
   781 | D:2      | Learned a level 3 spell: Spider Form
   920 | D:2      | You fall through a shaft!
   920 | D:3      | Found a faded altar of an unknown god.
   956 | D:3      | Reached XP level 4. HP: 12/35 MP: 7/7
  1010 | D:2      | Noticed Terence
  1192 | D:2      | Killed Terence
  1192 | D:2      | Reached skill level 4 in Transmutations
  1192 | D:2      | Reached skill level 1 in Poison Magic
  1945 | D:3      | Reached XP level 5. HP: 40/40 MP: 8/8
  2691 | D:4      | Reached skill level 5 in Transmutations
  2718 | D:3      | Slain by an iguana

Vault maps used:
D:1:      minmay_arrival_four_circles
D:2:      feat_on_display, uniq_terence
D:3:      chequers_ecumenical_altar_simple_redux, minmay_misc_feat_hallway,
          minmay_curled_crystal, nrook_mini_backslash
D:4:      first_ration

Skill      XL: |  1  2  3  4  5 |
---------------+----------------+-----
Transmutations | 3 4 5 |  5.1
Poison Magic   | 1 2 |  2.2
Fighting       | |  1.1
Dodging        | |  1.7
Unarmed Combat | |  3.5
Spellcasting   | |  2.0

Action                   |  1- 3 |  4- 6 || total
-------------------------+-------+-------++-------
Melee: Unarmed           |    97 |       ||    97
       Tailslap          |    11 |    15 ||    26
       Punch             |     3 |     2 ||     5
       Dagger            |    28 |   133 ||   161
  Use: Potion            |     1 |       ||     1
 Stab: Sleeping          |     1 |     1 ||     2
  Eat: Chunk             |       |     4 ||     4
Armor: Skin              |    34 |    26 ||    60
Dodge: Dodged            |    60 |    88 ||   148

Table legend:
 A = Non-vault XP
 B = Vault XP
 C = Vault XP percentage of total XP
 D = Non-vault monster count
 E = Vault monster count
 F = Vault count percentage of total count
                 A         B        C        D         E       F
            +---------+---------+-------+---------+---------+-------
      Total |     289 |      36 |  11.1 |      80 |       1 |   1.2
            +---------+---------+-------+---------+---------+-------
        D:1 |      59 |       0 |   0.0 |      30 |       0 |   0.0
        D:2 |      41 |      36 |  46.8 |      13 |       1 |   7.1
        D:3 |     110 |       0 |   0.0 |      31 |       0 |   0.0
        D:4 |      79 |       0 |   0.0 |       6 |       0 |   0.0
            +---------+---------+-------+---------+---------+-------
